 Dungeon Crawl Stone Soup version 0.22.1-1-ga44c0e56f4 (webtiles) character file.

99 Brecoman the Gusty (level 4, -6/25 HPs)
             Began as a Tengu Air Elementalist on Oct 15, 2018.
             Killed by nerve-wracking pain
             ... invoked by an orc priest
              (11 damage)
             ... on level 2 of the Dungeon on Oct 17, 2018.
             The game lasted 00:16:01 (2805 turns).

Brecoman the Gusty (Tengu Air Elementalist)         Turns: 2805, Time: 00:16:03

Health: -6/25      AC:  2    Str:  8    XL:     4   Next: 72%
Magic:  5/9        EV: 13    Int: 16    God:
Gold:   82         SH:  0    Dex: 15    Spells: 3/8 levels left

rFire    . . .     SeeInvis .   o - +1 whip (venom)
rCold    . . .     Gourm    .   (no shield)
rNeg     . . .     Faith    .   a - +0 robe
rPois    .         Spirit   .   (helmet restricted)
rElec    .         Reflect  .   (no cloak)
rCorr    .         Harm     .   (no gloves)
MR       .....                  (boots unavailable)
Stlth    ++........             (no amulet)
HPRegen  0.08/turn              (no ring)
MPRegen  0.11/turn              (no ring)

@: very slightly contaminated
A: beak, talons 3
a: no special abilities


You were on level 2 of the Dungeon.
You were not hungry.

You visited 1 branch of the dungeon, and saw 3 of its levels.

You collected 82 gold pieces.

Inventory:

Hand Weapons
 j - a +0 short sword
 o - a +1 whip of venom (weapon)
Missiles
 h - 80 stones (quivered)
Armour
 a - a +0 robe (worn)
Scrolls
 d - 6 scrolls of identify {unknown}
 e - 2 scrolls of amnesia {unknown}
 g - a scroll of blinking {unknown}
 i - a scroll of remove curse {unknown}
 n - 2 scrolls of immolation {unknown}
Potions
 b - a potion of degeneration {unknown}
 f - a potion of cancellation {unknown}
 k - a potion of lignification {unknown}
 l - a potion of heal wounds {unknown}
Comestibles
 c - 11 rations


   Skills:
 + Level 1.0 Fighting
 + Level 2.6 Dodging
 - Level 2.1 Stealth
 + Level 2.8 Spellcasting
 - Level 2.6 Conjurations
 * Level 5.1 Air Magic


You had 3 spell levels left.
You knew the following spells:

 Your Spells              Type           Power        Failure   Level  Hunger
a - Shock                 Conj/Air       ##..         3%          1    #......
b - Airstrike             Air            ###.......   22%         4    #####..

Your spell library contained the following spells:

 Spells                   Type           Power        Failure   Level  Hunger
 Swiftness                Chrm/Air       ##......     10%         2    ##.....
 Static Discharge         Conj/Air       ##......     12%         3    ###....
 Lightning Bolt           Conj/Air       ##........   71%         5    ######.


Dungeon Overview and Level Annotations

Branches:
Dungeon (3/15)

Altars:


Innate Abilities, Weirdness & Mutations

You have a beak for a mouth.
You have claws for feet.


Message History

Press: ? - help, Shift-Dir - straight line You miscast Shock.
You are very lightly contaminated with residual magic.
Nothing appears to happen.
The orc priest calls down the wrath of Beogh upon you.
Pain shoots through your body!
* * * LOW HITPOINT WARNING * * *
The orc hits you with a falchion.
* * * LOW HITPOINT WARNING * * *
Casting: Shock (safe; 3% risk of failure)
Confirm with . or Enter, or press ? or * to list all spells.
Aiming: Shock (safe; 3% risk of failure)
Press: ? - help, Shift-Dir - straight line The zap hits the orc priest.
The orc priest is heavily wounded.
The zap hits the orc priest.
The orc priest appears unharmed.
The orc priest is heavily wounded.
The orc priest invokes the aid of Beogh against you.
Pain shoots through your body!
You die...

#.......#.....#....#......#
#.....#.##.)###....+......#
#.....#.....# ##...#......#
#.....#####.###....'......#
####'#......##.....#...)..#
###
#.#####..##.(...##'#'#.####..
#........##.....##.#.#.......
#######.####o#####.#.#.......
#.####@# #.#.#.......
#....o.# #<#.#.......
######## #.#.#.......
#.#.#.###### #.#.#.# #
#.#.#.# # #.#.#.# ####
#.#.#.###..+ #.#.#[..#.##


You could see an orc priest and an orc.

Vanquished Creatures
  Robin (D:2)
  An adder (D:2)
  An ooze (D:2)
  2 worms (D:2)
  2 leopard geckos
  An orc (D:2)
  4 bats
  6 giant cockroaches
  14 goblins
  6 hobgoblins
  2 jackals (D:2)
  5 kobolds
  A quokka (D:2)
  A ball python (D:1)
  6 frilled lizards
  10 rats
63 creatures vanquished.

Notes
Turn   | Place    | Note
-------+----------+-------------------------------------------
     0 | D:1      | Brecoman the Tengu Air Elementalist began the quest for the
                  | Orb.
     0 | D:1      | Reached XP level 1. HP: 10/10 MP: 4/4
   277 | D:1      | Reached XP level 2. HP: 15/15 MP: 1/6
  1005 | D:1      | Reached XP level 3. HP: 19/19 MP: 7/7
  1930 | D:2      | Reached XP level 4. HP: 21/24 MP: 3/8
  1936 | D:2      | Learned a level 4 spell: Airstrike
  2406 | D:2      | Noticed Robin
  2420 | D:2      | Killed Robin
  2420 | D:2      | Reached skill level 5 in Air Magic
  2421 | D:2      | Reached skill level 1 in Fighting
  2805 | D:2      | Killed from afar by an orc priest

Skill      XL: |  1  2  3  4 |
---------------+-------------+-----
Conjurations   | 2 |  2.6
Air Magic      | 5 |  5.1
Fighting       | 1 |  1.0
Dodging        | |  2.6
Stealth        | |  2.1
Spellcasting   | |  2.8

Action                   |  1- 3 |  4- 6 || total
-------------------------+-------+-------++-------
Melee: Unarmed           |     4 |       ||     4
       Kick              |     3 |       ||     3
       Short sword       |     7 |       ||     7
       Whip              |       |     3 ||     3
 Cast: Shock             |    77 |    43 ||   120
 Stab: Sleeping          |     2 |       ||     2
  Eat: Chunk             |     4 |     3 ||     7
Armor: Robe              |    11 |     1 ||    12
Dodge: Dodged            |    35 |    10 ||    45
